 Dungeon Crawl Stone Soup version 0.23-a0-241-g3b46b07 (webtiles) character file.

543 MisterFreud the Digger (level 7, -12/36 HPs)
             Began as a Gargoyle Earth Elementalist on Sept 27, 2018.
             Shot with an arrow by a centaur (16 damage)
             ... on level 5 of the Dungeon.
             The game lasted 00:20:51 (6335 turns).

MisterFreud the Digger (GrEE)                       Turns: 6335, Time: 00:20:52

Health: -12/36     AC:  7    Str: 11    XL:     7   Next: 27%
Magic:  17/22      EV: 12    Int: 18    God:
Gold:   111        SH:  0    Dex: 10    Spells: 10/14 levels left

rFire    + . .     SeeInvis .   s - +1 whip (holy)
rCold    . . .     Gourm    .   (no shield)
rNeg     + . .     Faith    +   c - +0 robe
rPois    ∞         Spirit   .   (no helmet)
rElec    +         Reflect  .   r - +0 cloak
rCorr    .         Harm     .   (no gloves)
MR       .....                  (no boots)
Stlth    +++.......             d - amulet "Qages" {Faith +Fly rElec rF+}
HPRegen  0.12/turn              m - ring of magical power
MPRegen  0.18/turn              q - ring of stealth

@: no status effects
A: negative energy resistance 1, electricity resistance, unbreathing,
petrification resistance, rot immunity, AC +4
a: Evoke Flight


You were on level 5 of the Dungeon.
You were hungry.

You visited 1 branch of the dungeon, and saw 5 of its levels.

You collected 111 gold pieces.

Inventory:

Hand Weapons
 e - a +0 short sword
 s - a +1 whip of holy wrath (weapon)
Missiles
 b - 60 stones (quivered)
Armour
 c - a +0 robe (worn)
 r - a +0 cloak (worn)
Jewellery
 d - the amulet "Qages" (around neck) {Faith +Fly rElec rF+}
   (You found it on level 4 of the Dungeon)

   [amulet of faith]

   It allows you to gain divine favour quickly.
   It protects you from fire.
   It insulates you from electricity.
   It lets you fly.
 m - a ring of magical power (left hand)
 p - an uncursed ring of ice
 q - a ring of stealth (right hand)
Wands
 l - a wand of random effects (21)
Scrolls
 a - a scroll of remove curse
 g - a scroll of fog
 i - a scroll of enchant armour
 n - a scroll of amnesia {unknown}
 o - 3 scrolls of teleportation
Potions
 f - a potion of curing {unknown}
 h - a potion of might
 j - a potion of cancellation
 t - a potion of flight


   Skills:
 - Level 1.5 Dodging
 - Level 2.1 Stealth
 + Level 4.2 Spellcasting
 + Level 4.6 Conjurations
   Level 0.7 Transmutations
 + Level 6.3 Earth Magic


You had 10 spell levels left.
You knew the following spells:

 Your Spells              Type           Power        Failure   Level  Hunger
a - Sandblast             Erth           ####..       1%          1    None
b - Stone Arrow           Conj/Erth      ###...       4%          3    ###....

Your spell library contained the following spells:

 Spells                   Type           Power        Failure   Level  Hunger
 Passwall                 Tmut/Erth      ###.....     4%          2    ##.....
 Lee's Rapid Deconstruct  Erth           ####......   30%         5    ######.
 Petrify                  Tmut/Erth      ###.....     32%         4    ####...


Dungeon Overview and Level Annotations

Branches:
Dungeon (5/15)
 Temple: D:4-7

Altars:
Trog
Yredelemnul


Innate Abilities, Weirdness & Mutations

You are resistant to torment.
Your stone body is resilient. (AC +4)
You are immune to poison.
You resist negative energy. (rN+)
You are resistant to electric shocks. (rElec)
You can survive without breathing.
You are immune to petrification.
You are immune to rotting.


Message History

Found a fustibalus.
There is an escape hatch in the floor here.
The centaur wields a shortbow.
The centaur shoots an arrow.
The arrow barely misses you.
The centaur shoots an arrow.
The arrow hits you!
You see here 2 arrows.
The centaur shoots an arrow.
The arrow hits you.
You see here an arrow.
The centaur shoots an arrow.
The arrow hits you but does no damage.
You see here 3 arrows.
The centaur shoots an arrow.
The arrow barely misses you.
The centaur shoots an arrow.
The arrow hits you!
You see here an arrow.
The centaur shoots an arrow.
The arrow hits you.
You see here 2 arrows.
The centaur shoots an arrow.
The arrow hits you!
* * * LOW HITPOINT WARNING * * *
There is a stone staircase leading up here.
The centaur shoots an arrow.
The arrow misses you.
The centaur shoots an arrow.
The arrow hits you!
You die...

..............).#
....c..........#
..............#
#.....##.....#
##....c##.....#
#.............# ##
#.....(((.....##..##
##.....#>(.........#
#######.....@##...#
#.###### # ###


You could see a centaur.

Vanquished Creatures
  A centaur (D:4)
  A scorpion (D:4)
  A crimson imp (D:4)
  2 hounds (D:4)
  An orc priest (D:3)
  3 iguanas (D:4)
  2 worker ants (D:4)
  3 gnolls (D:3)
  3 adders
  An ooze (D:3)
  A leopard gecko (D:2)
  18 orcs
  5 bats
  4 giant cockroaches
  6 goblins
  8 hobgoblins
  10 jackals
  2 quokkas
  A ball python (D:1)
  5 frilled lizards
  6 kobolds
  A quokka skeleton (D:4)
  6 rats
91 creatures vanquished.

Notes
Turn   | Place    | Note
-------+----------+-------------------------------------------
     0 | D:1      | MisterFreud the Gargoyle Earth Elementalist began the quest
                  | for the Orb.
     0 | D:1      | Reached XP level 1. HP: 10/10 MP: 3/3
   329 | D:1      | Reached skill level 4 in Earth Magic
   398 | D:1      | Reached XP level 2. HP: 15/15 MP: 3/5
  1015 | D:1      | Reached XP level 3. HP: 10/19 MP: 6/6
  1282 | D:1      | Reached skill level 5 in Earth Magic
  1792 | D:2      | Found a bloodstained altar of Trog.
  2482 | D:2      | Reached XP level 4. HP: 21/24 MP: 7/7
  2551 | D:2      | Found a basalt altar of Yredelemnul.
  2802 | D:2      | Learned a level 3 spell: Stone Arrow
  3013 | D:2      | Reached skill level 6 in Earth Magic
  3202 | D:3      | Reached skill level 1 in Conjurations
  3738 | D:3      | Reached XP level 5. HP: 28/28 MP: 5/8
  5246 | D:4      | Reached XP level 6. HP: 32/32 MP: 5/9
  5995 | D:4      | Got a scorched pewter amulet
  5996 | D:4      | Identified the amulet "Qages" {Faith +Fly rElec rF+} (You
                  | found it on level 4 of the Dungeon)
  6050 | D:4      | Reached XP level 7. HP: 22/36 MP: 13/13
  6286 | D:5      | Entered Level 5 of the Dungeon
  6335 | D:5      | Shot with an arrow by a centaur

Vault maps used:
D:1:      tarquinn_simple_flora_water_c, minivault_23, serial_park_tiny_pond
D:2:      old_standard_altar, lemuel_coloured_pillars_altar,
          minmay_misc_feat_nine_boxes
D:3:      minmay_misc_feat_tower
D:5:      first_ration, st_stairs_4

Skill      XL: |  1  2  3  4  5  6 |
---------------+-------------------+-----
Earth Magic    | 4 5 6 |  6.3
Conjurations   | 2 4 |  4.6
Spellcasting   | 4 |  4.2
Dodging        | |  1.5
Stealth        | |  2.1
Transmutations | |  0.7

Action                   |  1- 3 |  4- 6 |  7- 9 || total
-------------------------+-------+-------+-------++-------
Melee: Unarmed           |     2 |       |       ||     2
       Short sword       |   114 |   123 |       ||   237
       Whip              |       |    59 |     3 ||    62
Throw: Stone             |       |     1 |       ||     1
 Cast: Sandblast         |    22 |    16 |       ||    38
       Stone Arrow       |       |    40 |     7 ||    47
  Use: Scroll            |     3 |     7 |       ||    10
       Potion            |       |     3 |       ||     3
 Stab: Sleeping          |     4 |     1 |       ||     5
       Distracted        |       |     1 |       ||     1
  Eat: Chunk             |     5 |    13 |     1 ||    19
       Ration            |       |     1 |       ||     1
Armor: Robe              |    32 |    69 |     3 ||   104
Dodge: Dodged            |    89 |   145 |    11 ||   245

Table legend:
 A = Non-vault XP
 B = Vault XP
 C = Vault XP percentage of total XP
 D = Non-vault monster count
 E = Vault monster count
 F = Vault count percentage of total count
                 A         B        C        D         E       F
            +---------+---------+-------+---------+---------+-------
      Total |     777 |       0 |   0.0 |      91 |       0 |   0.0
            +---------+---------+-------+---------+---------+-------
        D:1 |      36 |       0 |   0.0 |      22 |       0 |   0.0
        D:2 |      60 |       0 |   0.0 |      22 |       0 |   0.0
        D:3 |     160 |       0 |   0.0 |      33 |       0 |   0.0
        D:4 |     521 |       0 |   0.0 |      14 |       0 |   0.0
            +---------+---------+-------+---------+---------+-------
